 Dungeon Crawl Stone Soup version 0.26-a0-661-g406de6ba63 (webtiles) character file.

Game seed: 18024675074922585944

220 sahdkjhfkaj the Covert (level 5, -5/27 HPs)
             Began as a Spriggan Delver on Oct 8, 2020.
             Slain by a worker ant (6 damage)
             ... on level 4 of the Dungeon.
             The game lasted 00:03:05 (2628 turns).

sahdkjhfkaj the Covert (Spriggan Delver)            Turns: 2628, Time: 00:03:05

Health: -5/27      AC:  2    Str:  8    XL:     5   Next: 64%
Magic:  6/6        EV: 18    Int: 12    God:
Gold:   143        SH:  0    Dex: 18    Spells: 4/4 levels left

rFire    . . .     SeeInvis +   h - +0 dagger
rCold    . . .     Faith    .   (shield restricted)
rNeg     . . .     Spirit   .   b - +0 robe
rPois    .         Reflect  .   (helmet restricted)
rElec    .         Harm     .   (no cloak)
rCorr    .         Rampage  .   (gloves unavailable)
MR       .....                  (boots unavailable)
Stlth    +++++.....             i - amulet of regeneration
HPRegen  0.49/turn              (no ring)
MPRegen  0.10/turn              (no ring)

@: lethally poisoned (-5 -> -10), very quick
A: very small, unfitting armour, see invisible, speed 3
a: no special abilities


You were on level 4 of the Dungeon.
You visited 1 branch of the dungeon, and saw 5 of its levels.

You collected 143 gold pieces.

Inventory:

Hand Weapons
 h - a +0 dagger (weapon)
Armour
 b - a +0 robe (worn)
Jewellery
 i - an amulet of regeneration (around neck)
Wands
 g - a wand of digging (3)
Scrolls
 a - 2 scrolls of amnesia
 c - 3 scrolls of fog
 d - a scroll of magic mapping
 e - 3 scrolls of fear
 l - a scroll of remove curse
 p - a scroll of teleportation
 r - 2 scrolls of identify
 s - a scroll of immolation
 u - a scroll of random uselessness {unknown}
Potions
 f - a potion of haste
 j - 2 potions of heal wounds {unknown}
 k - a potion of flight {unknown}
 m - 2 potions of degeneration {unknown}
 n - 2 potions of curing {unknown}
 o - a potion of might {unknown}
 q - a potion of brilliance {unknown}
 t - a potion of stabbing {unknown}
 v - a potion of cancellation {unknown}


   Skills:
 - Level 2.4 Fighting
 - Level 2.1 Short Blades
 - Level 3.0 Dodging
 + Level 11.3 Stealth


You had 4 spell levels left.
You didn't know any spells.
Your spell library was empty.

Dungeon Overview and Level Annotations

Branches:
Dungeon (5/15)
 Temple: D:4-7

Altars:
Qazlal
Yredelemnul

Annotations:
D:5 Edmund


Innate Abilities, Weirdness & Mutations

You are very small and have problems with some larger weapons.
You are too small for most types of armour.
You have supernaturally acute eyesight. (SInv)
You cover ground extremely quickly.


Message History

The worker ant is moderately wounded.
* * * LOW HITPOINT WARNING * * *
You feel sick. The worker ant closely misses you.
You hit the worker ant but do no damage.
The worker ant is moderately wounded.
* * * LOW HITPOINT WARNING * * *
You feel sick. The worker ant completely misses you.
You hit the worker ant but do no damage.
The worker ant is moderately wounded.
* * * LOW HITPOINT WARNING * * *
You feel sick. The worker ant closely misses you.
You hit the worker ant but do no damage.
The worker ant is moderately wounded.
* * * LOW HITPOINT WARNING * * *
You feel sick. The worker ant closely misses you.
You closely miss the worker ant.
The worker ant is moderately wounded.
* * * LOW HITPOINT WARNING * * *
You feel sick. The worker ant barely misses you. The worker ant bites you.
You die...

#............# ###
#########.#.######
.................
.#.....###.#####
#.....# .#
#.##.#..# .
#..._...# ##
####.#..# #....@#
#...B.# #.....#
#######


You could see a worker ant.

Vanquished Creatures
  A scorpion (D:4)
  2 orc wizards (D:3)
  Terence (D:3)
  A worker ant (D:4)
  An ooze (D:2)
  2 worms (D:2)
  3 dart slugs
  4 orcs (D:3)
  6 bats
  5 giant cockroaches
  8 hobgoblins
  2 ball pythons
  3 frilled lizards
  4 goblins
  A kobold (D:3)
  6 rats
50 creatures vanquished.

Notes
Turn   | Place    | Note
-------+----------+-------------------------------------------
     0 | D:5      | sahdkjhfkaj the Spriggan Delver began the quest for the
                  | Orb.
     0 | D:5      | Reached XP level 1. HP: 11/11 MP: 2/2
    34 | D:5      | Noticed Edmund
    42 | D:4      | Noticed a worker ant
    46 | D:4      | Killed a worker ant
    46 | D:4      | Reached skill level 8 in Stealth
    46 | D:4      | Reached XP level 2. HP: 16/16 MP: 3/3
    55 | D:4      | Noticed a scorpion
    60 | D:4      | Killed a scorpion
    60 | D:4      | Reached skill level 9 in Stealth
    60 | D:4      | Reached XP level 3. HP: 19/19 MP: 4/4
    60 | D:4      | Reached XP level 4. HP: 23/23 MP: 5/5
  1349 | D:2      | Reached skill level 10 in Stealth
  1626 | D:3      | Reached XP level 5. HP: 27/27 MP: 6/6
  2053 | D:3      | Found a stormy altar of Qazlal.
  2105 | D:3      | Reached skill level 11 in Stealth
  2429 | D:3      | Noticed Terence
  2436 | D:3      | Killed Terence
  2606 | D:4      | Found a basalt altar of Yredelemnul.
  2627 | D:4      | HP: 1/27 [poisoned by a worker ant]
  2628 | D:4      | Slain by a worker ant

Illustrated notes

Levels and vault maps discovered:
D:1:      dpeg_arrival_leaves_temple_mockup, layout_basic
D:2:      layout_loops_cross, hangedman_decor_riveting, kennysheep_path_1
D:3:      layout_loops_ring, grunt_qazlal_sundering, makhleb_grotto_becter,
          minmay_cut_off, uniq_terence
D:4:      layout_basic, kennysheep_little_box, lemuel_crystal_altar,
          gammafunk_temple_overflow_pools, minmay_temple_entry_waves,
          enter_ossuary_5, nemelex_xobeh_ov_fountains_minmay
D:5:      layout_cave_pools, lightli_sewer_entry_pipes, uniq_edmund

Skill      XL: |  1  2  3  4  5 |
---------------+----------------+-----
Stealth        | 8 9 10 11 | 11.3
Fighting       | |  2.4
Short Blades   | |  2.1
Dodging        | |  3.0

Action                   |  1- 3 |  4- 6 || total
-------------------------+-------+-------++-------
Melee: Dagger            |     2 |   332 ||   334
  Use: Scroll            |       |     4 ||     4
 Stab: Sleeping          |     2 |    21 ||    23
       Distracted        |       |     1 ||     1
Armor: Robe              |       |    22 ||    22
Dodge: Dodged            |       |   246 ||   246

Table legend: (Time is in decaauts)
 A = Elapsed time spent in this place.
 B = Non-inter-level travel time spent in this place.
 C = Inter-level travel time spent in this place.
 D = Time resting spent in this place.
 E = Time spent auto-exploring this place.
 F = Levels seen in this place.
 G = Mean time per level.
                   A        B        C        D        E       F      G
               +--------+--------+--------+--------+--------+-----+--------+
         Total |   1846 |   1795 |     51 |     19 |   1224 |   5 |  369.2 |
       Dungeon |   1846 |   1795 |     51 |     19 |   1224 |   5 |  369.2 |
               +--------+--------+--------+--------+--------+-----+--------+

Top non-repeatable levels by time:
     D:1: 746 daAuts
     D:2: 535 daAuts
     D:3: 399 daAuts
     D:4: 120 daAuts
     D:5: 44 daAuts
